 Dungeon Crawl Stone Soup version 0.23.0-3-gf3c87f2 (webtiles) character file.

Game seed: 12716869162690326191

340 Lanoc the Slasher (level 6, -4/57 HPs)
             Began as a Naga Berserker on Feb 21, 2019.
             Was a Believer of Trog.
             Slain by a scorpion (9 damage)
             ... in an ossuary.
             The game lasted 00:05:23 (3824 turns).

Lanoc the Slasher (Naga Berserker)                  Turns: 3824, Time: 00:05:24

Health: -4/57      AC:  3    Str: 21    XL:     6   Next: 56%
Magic:  6/6        EV: 12    Int:  5    God:    Trog [**....]
Gold:   147        SH:  0    Dex: 11    Spells: 5/5 levels left

rFire    . . .     SeeInvis +   a - +0 falchion
rCold    . . .     Gourm    .   (no shield)
rNeg     . . .     Faith    .   b - +0 animal skin
rPois    +         Spirit   .   (no helmet)
rElec    .         Reflect  .   (no cloak)
rCorr    .         Harm     .   (no gloves)
MR       .....                  (no barding)
Stlth    +.........             (no amulet)
HPRegen  0.19/turn              (no ring)
MPRegen  0.10/turn              (no ring)

@: berserk cooldown, slowed, very slow
A: large, repulsion field 1, see invisible, deformed body, dopey 1, high mp 1,
poison resistance, slowness 2, slow metabolism 1, spit poison 1, AC +2
a: Spit Poison, Berserk, Trog's Hand, Renounce Religion


You were in an ossuary.
You worshipped Trog.
Trog was pleased with you.
You were not hungry.

You visited 1 branch of the dungeon, and saw 4 of its levels.
You also visited: Ossuary.

You collected 147 gold pieces.

Inventory:

Hand Weapons
 a - a +0 falchion (weapon)
Armour
 b - a +0 animal skin (worn)
Scrolls
 e - 8 scrolls of identify {unknown}
 f - a scroll of fear {unknown}
 g - a scroll of random uselessness {unknown}
 h - 3 scrolls of teleportation {unknown}
 i - 4 scrolls of remove curse {unknown}
 l - 2 scrolls of enchant weapon {unknown}
 m - a scroll of amnesia {unknown}
Comestibles
 c - 5 rations


   Skills:
 + Level 4.0 Fighting
 * Level 5.1 Long Blades
 + Level 2.8 Armour
 + Level 2.8 Dodging


You had 5 spell levels left.
You didn't know any spells.
Your spell library was empty.

Dungeon Overview and Level Annotations

Branches:
Dungeon (4/15)
 Temple: D:4-7

Altars:


Innate Abilities, Weirdness & Mutations

You cannot wear boots.
Your serpentine skin is tough. (AC +2)
You have supernaturally acute eyesight. (SInv)
Armour fits poorly on your strangely shaped body.
Your system is resistant to poisons. (rPois)
You cover ground very slowly.
You have a slow metabolism.
You can spit poison.
You are surrounded by a mild repulsion field. (EV +2)
You are dopey. (Int -2)
You have an increased reservoir of magic. (+10% MP)


Message History

It was a potion of mutation.
You feel extremely strange.
You feel stupid.
You begin to radiate repulsive energy.
You feel more energetic.
You have got your breath back.
The human zombie hits you but does no damage.
The human zombie barely misses you.
You riposte.
You barely miss the human zombie.
The human zombie is severely damaged.
You closely miss the human zombie.
The human zombie is severely damaged.
The human zombie barely misses you.
You riposte.
You closely miss the human zombie.
The human zombie is severely damaged.
The human zombie hits you.
* * * LOW HITPOINT WARNING * * *
You eat one of the 6 rations.
That ration really hit the spot!
The human zombie hits you.
* * * LOW HITPOINT WARNING * * *
The scorpion stings you!
You die...

.....#.....#^^^#...#...#
.....#.....'^^^#...8...#
.....8.....#^^^#.......#
...........######8...8##
...........#M!!#.......#
#8.....8###?.?#...8...#
...........#.!?#...#...#
........†..##'###'######
.....8...@Z#...#...#...#
.....#....s'...#.∩.'.∩.#
.....#.....#...#...#...#
#### ####### ###########


You could see a scorpion and a human zombie.

Vanquished Creatures
  3 scorpions (Ossuary)
  2 centaur zombies (Ossuary)
  A mummy (Ossuary)
  2 adders (D:2)
  An adder zombie (D:2)
  A worm (D:3)
  3 dart slugs
  3 leopard geckos
  5 orcs (D:3)
  8 bats
  5 giant cockroaches
  8 goblins
  6 hobgoblins
  5 jackals (D:1)
  2 ball pythons (D:1)
  8 frilled lizards
  A gnoll zombie (Ossuary)
  A goblin zombie (Ossuary)
  5 kobolds
  2 kobold zombies (Ossuary)
  5 rats (D:1)
77 creatures vanquished.

Notes
Turn   | Place    | Note
-------+----------+-------------------------------------------
     0 | D:1      | Lanoc the Naga Berserker began the quest for the Orb.
     0 | D:1      | Reached XP level 1. HP: 21/21 MP: 1/1
    96 | D:1      | Reached XP level 2. HP: 8/28 MP: 2/2
   607 | D:1      | Reached ** piety under Trog
   607 | D:1      | Reached XP level 3. HP: 34/34 MP: 3/3
  1365 | D:2      | Reached XP level 4. HP: 31/42 MP: 4/4
  2043 | D:3      | Reached skill level 4 in Long Blades
  3330 | D:4      | Found a sand-covered staircase.
  3346 | Ossuary  | Entered an ossuary
  3362 | Ossuary  | Reached XP level 5. HP: 30/50 MP: 5/5
  3707 | Ossuary  | Reached XP level 6. HP: 33/57 MP: 6/6
  3812 | Ossuary  | Reached skill level 5 in Long Blades
  3821 | Ossuary  | Gained mutation: You are dopey. (Int -2) [potion of
                  | mutation]
  3821 | Ossuary  | Gained mutation: You are surrounded by a mild repulsion
                  | field. (EV +2) [potion of mutation]
  3821 | Ossuary  | Gained mutation: You have an increased reservoir of magic.
                  | (+10% MP) [potion of mutation]
  3824 | Ossuary  | Slain by a scorpion

Skill      XL: |  1  2  3  4  5  6 |
---------------+-------------------+-----
Armour         | 2 |  2.8
Dodging        | 2 |  2.8
Long Blades    | 4 5 |  5.1
Fighting       | 4 |  4.0

Action                   |  1- 3 |  4- 6 || total
-------------------------+-------+-------++-------
Melee: Falchion          |    87 |   148 ||   235
Invok: Berserk           |     1 |     4 ||     5
 Abil: Spit Poison       |     4 |     2 ||     6
  Use: Potion            |       |     3 ||     3
 Stab: Sleeping          |       |     1 ||     1
  Eat: Chunk             |     2 |     9 ||    11
       Ration            |       |     1 ||     1
Armor: Animal skin       |    13 |    23 ||    36
Dodge: Dodged            |    59 |    67 ||   126
       Rpst.: Falchion   |    26 |    25 ||    51
